 Dungeon Crawl Stone Soup version 0.30-a0-1053-gbd8d5ba0ad (webtiles) character file.

Game seed: 3717233192186449581

136 Esekla the Sneak (level 5, 0/37 HPs)
             Began as an Octopode Delver on Apr 11, 2023.
             Slain by an iguana (13 damage)
             ... on level 5 of the Dungeon.
             The game lasted 00:05:48 (496 turns).

Esekla the Sneak (Octopode Delver)                   Turns: 496, Time: 00:05:48

Health: 0/37       AC:  1    Str: 11    XL:     5   Next: 19%
Magic:  5/7        EV: 13    Int: 14    God:
Gold:   31         SH:  0    Dex: 14    Spells: 7/7 levels left

rFire   . . .      SeeInvis .    a - +0 falchion
rCold   . . .      Faith    .    (no shield)
rNeg    . . .      Spirit   .    (helmet restricted)
rPois   .          Reflect  .    (no amulet)
rElec   .          Rampage  .    (no ring)
rCorr   .                        (no ring)
Will    .....                    (no ring)
Stlth   +++++                    (no ring)
HPRegen 0.26/turn                (no ring)
MPRegen 0.10/turn                (no ring)
                                 (no ring)
                                 (no ring)

@: no status effects
A: almost no armour, amphibious, 8 rings, camouflage 1, gelatinous body 1,
(nimble swimmer 1), tentacles
a: no special abilities


You were on level 5 of the Dungeon.
You visited 2 branches of the dungeon, and saw 2 of its levels.

You collected 31 gold pieces.

Inventory:

Hand Weapons
 a - a +0 falchion (weapon)
Missiles
 d - 2 silver javelins (quivered)
Wands
 c - a wand of light (12)
 f - a wand of digging (3)
Scrolls
 b - a scroll of fog
 e - a scroll of identify {unknown}
Potions
 g - a potion of berserk rage {unknown}
 h - a potion of curing {unknown}
 i - a potion of magic {unknown}


   Skills:
 * Level 3.9 Fighting
 * Level 2.5 Long Blades
 * Level 2.5 Dodging
 + Level 7.7 Stealth
 * Level 1.5 Spellcasting


You had 7 spell levels left.
You didn't know any spells.
Your spell library was empty.

Dungeon Overview and Level Annotations

Branches:
Dungeon (5/15)             Temple (1/1) D:5

Altars:
Ashenzari
Cheibriados
Dithmenos
Kikubaaqudgha
Makhleb
Nemelex Xobeh
Okawaru
Sif Muna
Trog
Uskayaw
Xom
Yredelemnul
The Shining One

Shops:
D:5 :(((

Annotations:
D:5 1 runed translucent door


Innate Abilities, Weirdness & Mutations

You cannot wear most types of armour.
You are amphibious.
You can wear up to eight rings at the same time.
Your skin changes colour to match your surroundings (Stealth+).
Your rubbery body absorbs attacks. (AC +1, EV +1)
((You are camouflaged when in or above water. (Stealth+)))
You have tentacles for arms and can constrict up to eight enemies at once.


Message History

HP restored.
You open the door.
Found a smoky amethyst potion and a fuming sapphire potion.
There is an open door here.
h - a smoky amethyst potion
i - a fuming sapphire potion You open the door.
There is an open door here.
There is an entrance to Muostiel's Weapon Emporium here.
The iguana hisses angrily.
The iguana bites you!
You hit the iguana. Your grab misses the iguana.
The iguana is lightly wounded.
The iguana closely misses you.
You hit the iguana. Your grab misses the iguana.
The iguana is moderately wounded.
The iguana bites you!
You closely miss the iguana. Your grab misses the iguana.
Your squeeze misses the iguana.
The iguana is moderately wounded.
The iguana bites you but does no damage.
The iguana misses you.
You closely miss the iguana. You grab the iguana. You squeeze the iguana!
The iguana is almost dead.
You constrict the iguana. The iguana closely misses you.
You hit the iguana.
You kill the iguana!
You have reached level 5!
You feel agile.
You completely miss the iguana. You grab the iguana.
You squeeze the iguana, but do no damage.
You constrict the iguana. The iguana bites you!
You hit the iguana but do no damage.
The iguana is lightly wounded.
You constrict the iguana, but do no damage.
The iguana barely misses you.
You hit the iguana. You squeeze the iguana.
The iguana is moderately wounded.
You constrict the iguana. The iguana bites you!
You die...

######### #...#...##*##
#+#......##.#
#.##......#.###
######.###.........#
########..'@l∩..+.......###
#......#.####.###.......####
#.##.....####!#........##.#.
#........####+###...##.##...
##..#'#...#...##............
#..+∩+...#.#####...........
#..#+#..##.#####.........##
#.(............#.........#.
###...................∩.##.


You could see an iguana.

Vanquished Creatures
  A phantom (D:5)
  A hound (D:5)
  An iguana (D:5)
  An adder (D:5)
4 creatures vanquished.

Notes
Turn   | Place    | Note
-------+----------+-------------------------------------------
     0 | D:5      | Esekla the Octopode Delver began the quest for the Orb.
     0 | D:5      | Reached XP level 1. HP: 16/16 MP: 1/1
    20 | D:5      | Noticed an orc wizard
    39 | D:5      | Noticed a phantom
    43 | D:5      | Noticed a scorpion
    49 | D:5      | Noticed a scorpion
    62 | D:5      | Found Ilump's Weapon Shoppe.
    64 | D:5      | Noticed a hound
    73 | D:5      | Found a staircase to the Ecumenical Temple.
    85 | Temple   | Entered the Ecumenical Temple
   190 | D:5      | Killed a hound
   191 | D:5      | Reached skill level 7 in Stealth
   191 | D:5      | Reached XP level 2. HP: 3/21 MP: 2/2
   191 | D:5      | Reached XP level 3. HP: 3/26 MP: 3/3
   294 | D:5      | Found a runed translucent gate.
   329 | D:5      | Found Muostiel's Weapon Emporium.
   367 | D:5      | Killed a phantom
   368 | D:5      | Reached skill level 1 in Spellcasting
   368 | D:5      | Reached XP level 4. HP: 7/33 MP: 5/5
   379 | D:5      | Found Yqev's Book Shop.
   494 | D:5      | Reached XP level 5. HP: 19/37 MP: 5/7
   496 | D:5      | Slain by an iguana

Illustrated notes

Levels and vault maps discovered:
D:5:      layout_cave_pools, minmay_temple_entry_glassed_door, serial_shops,
          kennysheep_mini_moat, nicolae_shop_hallway_plus,
          nicolae_stop_n_shop_2, shop, nicolae_shop_bloodbath_and_beyond,
          gammafunk_ghost_nasty_kobolds
Temple:   cyrus_circular_temple

Skill      XL: |  1  2  3 |
---------------+----------+-----
Stealth        | 7 |  7.7
Spellcasting   | 1 |  1.5
Fighting       | |  3.9
Long Blades    | |  2.5
Dodging        | |  2.5

Action                     |  1- 3 |  4- 6 || total
---------------------------+-------+-------++-------
  Melee: Falchion          |    18 |     8 ||    26
         Tentacles         |     3 |     3 ||     6
         Constrict         |     2 |     2 ||     4
  Throw: Javelin           |     3 |       ||     3
    Use: Scroll            |     2 |       ||     2
         Potion            |     1 |       ||     1
 Armour: Skin              |     1 |     1 ||     2
  Dodge: Dodged            |    17 |     4 ||    21

Table legend: (Time is in decaauts)
 A = Elapsed time spent in this place.
 B = Non-inter-level travel time spent in this place.
 C = Inter-level travel time spent in this place.
 D = Time resting spent in this place.
 E = Time spent auto-exploring this place.
 F = Levels seen in this place.
 G = Mean time per level.
                   A        B        C        D        E       F      G
               +--------+--------+--------+--------+--------+-----+--------+
         Total |    484 |    476 |      8 |    175 |     57 |   2 |  242.0 |
       Dungeon |    407 |    406 |      1 |    175 |      0 |   1 |  407.0 |
        Temple |     76 |     69 |      7 |      0 |     57 |   1 |   76.0 |
               +--------+--------+--------+--------+--------+-----+--------+

Top non-repeatable levels by time:
     D:5: 407 daAuts
  Temple: 76 daAuts
